 Dungeon Sprint DCSS version 0.28-a0-239-g68911e0c57 (webtiles) character file.

Game seed: 5942570761694656851

1167 jt the Cleaver (level 8, -1/62 HPs)
             Began as a Palentonga Fighter on Aug 23, 2021.
             Slain by a boulder beetle (8 damage)
             ... in the Dungeon (Sprint II: "The Violet Keep of Menkaure").
             The game lasted 00:04:01 (669 turns).

jt the Cleaver (Palentonga Fighter)                  Turns: 669, Time: 00:04:02

Health: -1/62      AC: 12    Str: 25    XL:     8   Next: 17%
Magic:  8/8        EV:  9    Int: 11    God:
Gold:   705        SH:  9    Dex:  6    Spells: 7/7 levels left

rFire   . . .      SeeInvis +   a - +0 war axe
rCold   . . .      Faith    .   c - +0 kite shield
rNeg    . . .      Spirit   .   g - +1 leather armour "Trusted Companion" {Str+3 Int+3 Dex-4}
rPois   .          Reflect  .   (no helmet)
rElec   .          Harm     .   (no cloak)
rCorr   .          Rampage  .   (no gloves)
Will    .....      NoTele   +   (no barding)
Stlth   +.........              (no amulet)
HPRegen 0.20/turn               (no ring)
MPRegen 0.11/turn               (no ring)

@: curled up
A: large, rugged brown scales 3, see invisible, deformed body, roll 1, armoured
tail, reflexive curl
a: Rolling Charge


You were in the Dungeon.
You visited 1 branch You collected 972 gold pieces.
You spent 267 gold pieces at shops.

Inventory:

Hand Weapons
 a - a +0 war axe (weapon)
 d - a +0 spear
 k - a +0 hunting sling
Armour
 c - a +0 kite shield (worn)
 g - the +1 leather armour "Trusted Companion" (worn) {Str+3 Int+3 Dex-4}
   (You bought it in a shop in the Dungeon)

   Str:       It affects your strength (+3).
   Int:       It affects your intelligence (+3).
   Dex:       It affects your dexterity (-4).
Jewellery
 b - a ring of ice
Scrolls
 j - a scroll of blinking
Potions
 e - a potion of curing
 h - 2 potions of magic


   Skills:
 - Level 3.0 Fighting
 + Level 14.4 Axes
 - Level 2.4 Armour
 - Level 9.0 Shields


You had 7 spell levels left.
You didn't know any spells.
Your spell library was empty.

Dungeon Overview and Level Annotations

Branches:
Dungeon (1/1)

Altars:

Shops:
D :*=[(?[:[[:=!!=

Annotations:
D exclusion: oklob plant


Innate Abilities, Weirdness & Mutations

You are completely covered in rugged brown scales. (AC +3, +7% HP)
You have supernaturally acute eyesight. (SInv)
Armour fits poorly on your strangely shaped body.
You can roll at nearby foes to attack.
You have a long armoured tail.
You curl defensively after being hit.


Message History

The boulder beetle curls into a ball and begins rolling!
As you open the door, it creaks loudly!
The boulder beetle stops rolling and uncurls.
The boulder beetle hits you!!
The boulder beetle stops rolling and uncurls.
There is an open door, spattered with blood here.
You see here 243 gold pieces.
You now have enough gold to buy the ring of the Camelopard {rF+ rN+ Stlth+} on this level.
You can access your shopping list by pressing '$'.
You now have 705 gold pieces (gained 243).
The boulder beetle barely misses you.
There is an open door here.
Really walk into a travel-excluded area?
Okay, then.
You enter the shallow water.
Moving in this stuff is going to be slow.
You are engulfed in a cloud of scalding steam.
You block the boulder beetle's attack. The boulder beetle bites you!
The boulder beetle leaps!
The boulder beetle barely misses you.
The lava snake hisses angrily.
The boulder beetle bites you!!
* * * LOW HITPOINT WARNING * * *
There is an open door here.
There's a creature in the doorway!
The boulder beetle leaps!
The boulder beetle curls into a ball and begins rolling!
There is an open door here.
You enter the shallow water.
Moving in this stuff is going to be slow.
The lava snake hisses angrily.
The boulder beetle curls into a ball and begins rolling!
The boulder beetle hits you but does no damage.
The boulder beetle stops rolling and uncurls.
The boulder beetle closely misses you.
The boulder beetle stops rolling and uncurls.
The boulder beetle leaps!
The boulder beetle curls into a ball and begins rolling!
The boulder beetle hits you!
You die...

##.⌠.∩....#≈≈####.#.####..##
##..∩.∩...#≈##.###÷###.##..#
##...∩.∩..#≈#...##.##...#..#
##....∩...'≈'##.'.<.'###'..##
##.....∩.∩#≈#...##.##B..#....
#▓▓▓▓▓▓▓###≈##.###'###.##....
##)FG######≈≈####...####≈≈...
#:.F#$ ##≈B≈#.○#..#≈≈§≈≈≈≈
#∩P?+) #@#○##.°.##≈§≈≈B≈≈
#[(. $ #.#≈°##'##≈≈≈§§≈≈≈
#$G$ ####≈°≈≈≈≈≈≈≈≈§≈≈≈ ##+
#+++#+++#≈§≈§§§ ≈°≈S§○##§≈≈##
°≈≈°°°≈≈°##≈§#
+○≈°°○°§≈≈°≈+§≈#
##≈°§§≈≈°≈°##≈§≈≈ ##§§≈°≈≈°##
##


You could see a boulder beetle (rolling).

Vanquished Creatures
  A merfolk siren (D)
  2 wyverns (D)
  Menkaure (D)
  A water moccasin (D)
  4 necrophages (D)
  A scorpion (D)
10 creatures vanquished.

Notes
Turn   | Place    | Note
-------+----------+-------------------------------------------
     0 | D        | jt the Palentonga Fighter began the quest for the Orb.
     0 | D        | Reached XP level 1. HP: 19/19 MP: 1/1
     1 | D        | Noticed a merfolk siren
    10 | D        | Killed a merfolk siren
    11 | D        | Reached skill level 9 in Axes
    11 | D        | Reached XP level 2. HP: 15/25 MP: 2/2
    11 | D        | Reached XP level 3. HP: 19/31 MP: 3/3
    11 | D        | Reached XP level 4. HP: 22/37 MP: 4/4
    11 | D        | Reached XP level 5. HP: 26/43 MP: 5/5
    11 | D        | Reached XP level 6. HP: 30/50 MP: 6/6
    23 | D        | Reached skill level 10 in Axes
    27 | D        | Reached skill level 11 in Axes
    27 | D        | Gained mutation: You curl defensively after being hit.
                  | [Palentonga growth]
    27 | D        | Reached XP level 7. HP: 28/55 MP: 7/7
    31 | D        | Reached skill level 12 in Axes
   183 | D        | Found Alul's Antique Armour Boutique.
   183 | D        | Found Inkeruit's Book Shop.
   183 | D        | Found Uwyv's Book Shop.
   183 | D        | Found Wityapn's Distillery.
   183 | D        | Found Ricapt's Antique Armour Boutique.
   184 | D        | Found Kez Wak's Jewellery Shop.
   184 | D        | Found Cerinlet's Distillery.
   184 | D        | Found Goamon's Jewellery Shop.
   184 | D        | Found Usoqifrazu's Magic Scroll Boutique.
   184 | D        | Found Sieschowk's Antique Weapon Shop.
   184 | D        | Found Sihiahe's Antique Armour Boutique.
   185 | D        | Found Wunulaukh's Antique Armour Shop.
   185 | D        | Found Gynaeguf's Jewellery Shop.
   185 | D        | Found Qucumy's Assorted Antiques.
   185 | D        | Noticed a shining eye
   187 | D        | Noticed Menkaure
   187 | D        | Noticed a shining eye
   187 | D        | Noticed a shining eye
   187 | D        | Noticed an oklob plant
   205 | D        | Killed Menkaure
   206 | D        | Reached skill level 13 in Axes
   209 | D        | Found Roiclan's Book Shoppe.
   210 | D        | Noticed a cane toad
   211 | D        | Noticed a cane toad
   297 | D        | Bought a shimmering leather armour for 182 gold pieces
   297 | D        | Identified the +1 leather armour "Trusted Companion" {Str+3
                  | Int+3 Dex-4} (You bought it in a shop in the Dungeon)
   311 | D        | Bought a knobbly granite ring for 85 gold pieces
   364 | D        | Noticed a wyvern
   364 | D        | Noticed a wyvern
   375 | D        | Killed a wyvern
   376 | D        | Reached XP level 8. HP: 62/62 MP: 8/8
   383 | D        | Reached skill level 14 in Axes
   527 | D        | Noticed an orange crystal statue
   534 | D        | Noticed a boulder beetle
   534 | D        | Noticed a boulder beetle
   669 | D        | Slain by a boulder beetle

Illustrated notes

Levels and vault maps discovered:
D:        the_violet_keep_of_menkaure [sprint2_stairs_cluster_1,
          sprint2_shoproom, sprint2_temple, sprint2_basic_supplies,
          sprint2_obstacle_5, sprint2_obstacle_3, sprint2_obstacle_4,
          sprint2_obstacle_2, sprint2_obstacle_1, sprint2_timed_cluster_1,
          sprint2_smallroom_cluster_1, sprint2_smallroom_final_cluster_1,
          sprint2_transparent_cluster_1, sprint2_second_timed_cluster_1,
          sprint2_sniper_area_1, sprint2_heavy_combat_area_1,
          sprint2_mutation_trap_area_1, sprint2_forest_area_1,
          sprint2_light_combat_area_1, sprint2_behind_water_1,
          sprint2_near_end_vault_1]

Skill      XL: |  1  2  3  4  5  6  7  8 |
---------------+-------------------------+-----
Axes           | 9 11 13 14 | 14.4
Shields        | 8 9 |  9.0
Fighting       | |  3.0
Armour         | |  2.4

Action                   |  1- 3 |  4- 6 |  7- 9 || total
-------------------------+-------+-------+-------++-------
Melee: War axe           |     5 |     6 |    32 ||    43
       Tailslap          |     3 |     2 |     5 ||    10
 Abil: Rolling Charge    |       |     1 |     1 ||     2
  Use: Potion            |     2 |       |     2 ||     4
Armor: Leather armour    |       |       |     4 ||     4
Dodge: Dodged            |       |       |     9 ||     9
Block: Kite shield       |       |       |     9 ||     9

Table legend: (Time is in decaauts)
 A = Elapsed time spent in this place.
 B = Non-inter-level travel time spent in this place.
 C = Inter-level travel time spent in this place.
 D = Time resting spent in this place.
 E = Time spent auto-exploring this place.
 F = Levels seen in this place.
 G = Mean time per level.
                   A        B        C        D        E       F      G
               +--------+--------+--------+--------+--------+-----+--------+
         Total |    680 |    678 |      2 |    445 |      0 |   1 |  680.0 |
       Dungeon |    680 |    678 |      2 |    445 |      0 |   1 |  680.0 |
               +--------+--------+--------+--------+--------+-----+--------+

Top non-repeatable levels by time:
       D: 680 daAuts
